 Dungeon Sprint DCSS version 0.01-2161-g8ec87df2bd (webtiles) character file.

Game seed: 17015232388418310526, levelgen mode: deterministic

7 pasperui the Firebug (level 2, 0/22 HPs) Naga Fire Elementalist. Began on July 3, 2020. Slain by a wolf (9 damage) ... in the Dungeon (Sprint III: "The Ten Rune Challenge"). The game lasted 00:00:52 (98 turns).

pasperui the Firebug (Naga Fire Elementalist)         Turns: 98, Time: 00:00:53

Health: 0/22       AC:  1    Str: 10    XL:     2 ^: 24
Magic:  3/5        EV: 10    Int: 15    God:
Gold:   31         SH:  0    Dex: 11    Spells: 4/5 levels left

rFire    . . .     Vision   +   (no weapon)
rCold    . . .     Gourm    .   (no weapon)
rNeg     . . .     Faith    .   a - +0 robe
rPois    +         Spirit   .   (no helmet)
rElec    .         Reflect  .   (no cloak)
rCorr    .         Harm     .   (no gloves)
MR       .....     NoTele   +   (no barding)
Stlth    ++........             (no amulet)
HPRegen  0.17/turn              (no ring)
MPRegen  0.15/turn              (no ring)

@: very slow
A: large, see invisible, deformed body, poison resistance, slowness 2, slow
metabolism 1, spit poison 1, constrict 1, AC +0
a: Spit Poison


You were in the Dungeon.
You were not hungry.

You visited 1 branch You collected 31 gold pieces.

Inventory:

Armour
 a - a +0 robe (worn)
Scrolls
 i - a scroll of blinking
Potions
 d - a potion of curing
 e - a potion of heal wounds
 f - a potion of haste
 g - 2 potions of magic
 h - a potion of berserk rage
Comestibles
 b - 3 chunks of flesh
 c - a ration


   Skills:
 - Level 1.5 Dodging
 - Level 3.0 Stealth
 - Level 2.0 Spellcasting
 * Level 4.8 Fire Magic


You had 4 spell levels left.
You knew the following spells:

 Your Spells              Type           Power        Failure   Level  Hunger
a - Foxfire               Fire           16 (25)      3%          1    #......

Your spell library contained the following spells:

 Spells                   Type           Power        Failure   Level  Hunger
 Searing Ray              Fire           16 (50)      4%          2    ###....
 Conjure Flame            Fire           16 (100)     9%          3    ###....
 Inner Flame              Hex/Fire       8 (100)      24%         3    ###....
 Sticky Flame             Fire/Pois      8 (100)      63%         4    #####..
 Fireball                 Fire           16 (200)     63%         5    ######.


Dungeon Overview and Level Annotations

Branches:
Dungeon (1/1)

Altars:


Innate Abilities, Weirdness & Mutations

You cannot wear boots.
Your serpentine skin is tough. (AC +0)
You have supernaturally acute eyesight. (+Vis)
Armour fits poorly on your strangely shaped body.
Your system is resistant to poisons. (rPois)
You cover ground very slowly.
You have a slow metabolism.
You can spit poison.
You can use your snake-like lower body to constrict enemies.


Message History

The wolf barely misses you (0). The wolf closely misses you (0).
The wolf barely misses you (0).
Casting: Foxfire (safe; 3% risk of failure)
Confirm with . or Enter, or press ? or * to list all spells.
You conjure some foxfire!
The wolf barely misses you (0). x2
The foxfire hits the wolf (3).
The wolf is moderately wounded. (10/13) HP The foxfire hits the wolf (1).
The wolf is moderately wounded. (9/13) HP The wolf bites you (11)!
Ouch! That really hurt!
Casting: Foxfire (safe; 3% risk of failure)
Confirm with . or Enter, or press ? or * to list all spells.
You conjure some foxfire!
The wolf bites you (1).
The foxfire hits the wolf (4).
The wolf is severely wounded. (5/13) HP The foxfire hits the wolf (2).
The wolf is severely wounded. (3/13) HP The wolf bites you (1).
The wolf bites you (9)!
You die...

▓▓▓▓▓▓▓▓▓
▓<..#...####
▓...#...÷..##
▓..##.......#
▓##.##.##...# .#
##.##.###..# ..#
▓#.####.##@.# ...+
▓.###..##.h##
#p..# ▓#.....##..#
#....#
###÷.##÷..##.....#
##..##....#.h....#
#..###..##.# #..#
#..#### ▓▓▓▓ ▓▓▓▓


You could see a wolf.

Vanquished Creatures
  An ooze (D)
  3 rats (D)
4 creatures vanquished.

Vanquished Creatures (others)
  2 hellions (D)
  A yaktaur (D)
  11 foxfires (D)
14 creatures vanquished.

Grand Total: 18 creatures vanquished

Notes
Turn   | Place    | Note
-------+----------+-------------------------------------------
     0 | D        | pasperui the Naga Fire Elementalist began the quest for the
                  | Orb.
     0 | D        | Reached XP level 1. HP: 15/15 MP: 3/3
    21 | D        | Reached skill level 4 in Fire Magic
    54 | D        | Killed a yaktaur
    70 | D        | Reached XP level 2. HP: 22/22 MP: 3/5
    82 | D        | Killed a hellion
    83 | D        | Killed a hellion
    98 | D        | Slain by a wolf

Levels and vault maps discovered:
D:        dungeon_sprint_mu [sprint_mu_entry_cave, sprint_mu_temple_rooms,
          sprint_mu_d1_spiders, sprint_mu_d2_genie, sprint_mu_d3_branching,
          sprint_mu_orc_legion, sprint_mu_elf_gauntlet, sprint_mu_hive_nellie,
          sprint_mu_lair_fedhas, sprint_mu_vaults_butterflies,
          sprint_mu_slime_circle, sprint_mu_swamp_cave, sprint_mu_shoals_archi,
          sprint_mu_blade_basic, sprint_mu_crypt_chambers,
          sprint_mu_tomb_spiral, sprint_mu_vestibule_basic,
          sprint_mu_gehenna_hellfire, sprint_mu_dis_giant,
          sprint_mu_tartarus_statrot, sprint_mu_cocytus_islands, sprint_mu_zot1]

Skill      XL: |  1 |
---------------+----+-----
Fire Magic     | 4 |  4.8
Dodging        | |  1.5
Stealth        | |  3.0
Spellcasting   | |  2.0

Action                   || total
-------------------------++-------
Melee: Unarmed           ||    22
 Cast: Foxfire           ||     8
Armor: Robe              ||     1
Dodge: Dodged            ||     7
